[ AOE2 MATCH · #506667967 ]
UnrankedMongols vs Poles
Player's team · LOSS
Rival team · WIN
[ REPLAY ANALYSIS · EXTRACTED FROM THE RECORDED GAME ]
Feudal
8:51
Castle
—
Imperial
—
| APM avg | 64.3 |
| APM peak | 94 |
| eAPM avg | 24.3 |
| Villagers / military | 51 / 34 |
Focus
⚔️ 26.9% · 🌾 73.1%
Scout Cavalry ×13 · Skirmisher ×10 · Spearman ×6 · Militia ×4 · Archer ×1
Feudal
9:15
Castle
26:28
Imperial
—
| APM avg | 94.5 |
| APM peak | 176 |
| eAPM avg | 48.0 |
| Villagers / military | 64 / 50 |
Focus
⚔️ 58.2% · 🌾 41.8%
Spearman ×16 · Knight ×13 · Archer ×8 · Scout Cavalry ×8 · Skirmisher ×5
Match map
Initial resources + every placement click. Lines = walls · curves = elevation contours. ◆ gold · ⬟ stone · ● berries · ✦ relic · ◌ wall gap
Your base· Open — unwalled flank
Iam_SoBad's base· Open — unwalled flank
Smoothed initial terrain · ◌ = detected wall gap · hover for details
Inputs per minute
— 游戏而已 - - Iam_SoBad
Build order — 游戏而已
First 150 of 210 actions detected
| 0:00 | Queue | Villager (Male) |
| 0:01 | Queue | Villager (Male) |
| 0:01 | Queue | Villager (Male) |
| 0:01 | Queue | Villager (Male) |
| 0:02 | Queue | Villager (Male) |
| 0:02 | Build | House |
| 0:06 | Build | House |
| 0:07 | Build | House |
| 1:37 | Queue | Villager (Male) |
| 1:37 | Queue | Villager (Male) |
| 2:04 | Queue | Villager (Male) |
| 2:20 | Build | Lumber Camp |
| 2:30 | Queue | Villager (Male) |
| 2:51 | Queue | Villager (Male) |
| 3:09 | Build | House |
| 3:16 | Queue | Villager (Male) |
| 3:21 | Queue | Villager (Male) |
| 3:29 | Queue | Villager (Male) |
| 3:48 | Queue | Villager (Male) |
| 4:50 | Queue | Villager (Male) |
| 5:07 | Build | Barracks |
| 5:12 | Queue | Villager (Male) |
| 5:14 | Queue | Villager (Male) |
| 5:15 | Research | Loom |
| 5:41 | Build | House |
| 5:52 | Build | Palisade Wall |
| 5:53 | Build | Palisade Wall |
| 6:28 | Research | Feudal Age |
| 6:28 | Research | Feudal Age |
| 6:46 | Queue | Militia |
| 6:47 | Queue | Militia |
| 6:56 | Queue | Militia |
| 6:58 | Build | Mining Camp |
| 7:27 | Build | House |
| 7:30 | Queue | Militia |
| 8:05 | Build | Mining Camp |
| 8:41 | Queue | Villager (Male) |
| 8:51 | Age | Feudal Age |
| 8:53 | Research | Man-at-Arms (upgrade) |
| 9:21 | Build | Mill |
| 9:33 | Queue | Villager (Male) |
| 9:57 | Build | Watch Tower |
| 10:13 | Build | Palisade Wall |
| 10:20 | Build | Farm |
| 10:21 | Queue | Villager (Male) |
| 10:29 | Build | Palisade Wall |
| 10:38 | Build | Farm |
| 10:45 | Build | Palisade Wall |
| 10:47 | Build | Palisade Wall |
| 10:55 | Build | Palisade Wall |
| 11:01 | Queue | Villager (Male) |
| 11:08 | Build | Palisade Wall |
| 11:37 | Build | Watch Tower |
| 11:39 | Queue | Villager (Male) |
| 11:43 | Research | Double-Bit Axe |
| 12:08 | Queue | Villager (Male) |
| 12:14 | Build | Watch Tower |
| 12:22 | Build | House |
| 12:29 | Build | House |
| 12:34 | Queue | Villager (Male) |
| 12:48 | Build | Farm |
| 12:50 | Build | Farm |
| 12:51 | Queue | Villager (Male) |
| 12:58 | Build | Palisade Wall |
| 12:59 | Build | Palisade Wall |
| 13:15 | Queue | Spearman |
| 13:19 | Build | Palisade Wall |
| 13:23 | Build | Palisade Wall |
| 13:32 | Queue | Villager (Male) |
| 13:44 | Build | Palisade Wall |
| 13:44 | Build | Palisade Wall |
| 13:50 | Build | Palisade Wall |
| 13:51 | Build | Palisade Wall |
| 13:53 | Build | Palisade Wall |
| 13:56 | Build | Palisade Wall |
| 13:58 | Build | Palisade Wall |
| 14:06 | Build | Outpost |
| 14:09 | Queue | Spearman |
| 14:16 | Build | Palisade Wall |
| 14:18 | Build | Palisade Wall |
| 14:22 | Queue | Villager (Male) |
| 14:23 | Build | Mill |
| 14:29 | Build | Watch Tower |
| 14:34 | Queue | Villager (Male) |
| 14:44 | Build | Farm |
| 14:45 | Build | Farm |
| 14:58 | Queue | Spearman |
| 15:11 | Build | Palisade Wall |
| 15:13 | Build | Palisade Wall |
| 15:14 | Build | Palisade Wall |
| 15:14 | Build | Palisade Wall |
| 15:19 | Build | Farm |
| 15:19 | Queue | Villager (Male) |
| 15:49 | Build | Outpost |
| 15:52 | Queue | Villager (Male) |
| 15:56 | Build | Archery Range |
| 16:06 | Build | Palisade Wall |
| 16:11 | Queue | Spearman |
| 16:36 | Queue | Villager (Male) |
| 16:37 | Queue | Archer |
| 16:44 | Build | House |
| 16:49 | Build | Lumber Camp |
| 17:00 | Queue | Villager (Male) |
| 17:23 | Queue | Spearman |
| 17:30 | Queue | Spearman |
| 17:39 | Queue | Villager (Male) |
| 17:42 | Build | Farm |
| 17:52 | Build | Outpost |
| 18:00 | Queue | Villager (Male) |
| 18:30 | Queue | Villager (Male) |
| 18:46 | Build | Stable |
| 18:59 | Build | Stable |
| 19:04 | Research | Horse Collar |
| 19:05 | Queue | Villager (Male) |
| 19:22 | Build | House |
| 19:29 | Build | Palisade Wall |
| 19:30 | Build | Farm |
| 19:36 | Build | Watch Tower |
| 19:37 | Queue | Villager (Male) |
| 19:39 | Queue | Scout Cavalry |
| 19:41 | Queue | Scout Cavalry |
| 19:42 | Queue | Scout Cavalry |
| 19:50 | Queue | Scout Cavalry |
| 19:54 | Build | Palisade Wall |
| 20:02 | Build | Farm |
| 20:06 | Build | House |
| 20:07 | Build | Palisade Wall |
| 20:07 | Build | Palisade Wall |
| 20:15 | Queue | Skirmisher |
| 20:35 | Build | Palisade Gate |
| 20:37 | Build | Palisade Wall |
| 20:42 | Queue | Scout Cavalry |
| 20:44 | Queue | Villager (Male) |
| 20:55 | Build | Farm |
| 21:06 | Queue | Scout Cavalry |
| 21:13 | Build | Farm |
| 21:26 | Build | Watch Tower |
| 21:29 | Queue | Villager (Male) |
| 21:35 | Queue | Skirmisher |
| 21:43 | Queue | Scout Cavalry |
| 21:48 | Build | Farm |
| 21:49 | Queue | Villager (Male) |
| 21:50 | Queue | Villager (Male) |
| 22:02 | Queue | Villager (Male) |
| 22:09 | Build | Farm |
| 22:10 | Build | Farm |
| 22:12 | Build | Farm |
| 22:13 | Build | Farm |
| 22:22 | Queue | Scout Cavalry |
| 22:27 | Queue | Villager (Male) |
Build order — Iam_SoBad
First 150 of 205 actions detected
| 0:00 | Queue | Villager (Male) |
| 0:00 | Queue | Villager (Male) |
| 0:01 | Queue | Villager (Male) |
| 0:01 | Queue | Villager (Male) |
| 0:02 | Build | House |
| 0:03 | Build | House |
| 1:26 | Queue | Villager (Male) |
| 1:53 | Build | Lumber Camp |
| 2:02 | Queue | Villager (Male) |
| 2:18 | Queue | Villager (Male) |
| 2:18 | Queue | Villager (Male) |
| 2:40 | Queue | Villager (Male) |
| 3:18 | Queue | Villager (Male) |
| 3:33 | Queue | Villager (Male) |
| 3:34 | Queue | Villager (Male) |
| 3:48 | Build | House |
| 3:54 | Queue | Villager (Male) |
| 4:19 | Build | Mill |
| 4:33 | Queue | Villager (Male) |
| 4:33 | Queue | Villager (Male) |
| 4:33 | Queue | Villager (Male) |
| 5:01 | Queue | Villager (Male) |
| 5:30 | Queue | Villager (Male) |
| 5:55 | Queue | Villager (Male) |
| 6:09 | Research | Loom |
| 6:09 | Research | Loom |
| 6:48 | Build | Palisade Wall |
| 6:49 | Build | Palisade Wall |
| 6:51 | Build | Palisade Wall |
| 7:01 | Research | Feudal Age |
| 7:01 | Research | Feudal Age |
| 7:15 | Build | Palisade Wall |
| 7:17 | Build | Palisade Wall |
| 7:17 | Build | Palisade Wall |
| 7:18 | Build | Palisade Wall |
| 7:19 | Build | Palisade Wall |
| 7:19 | Build | Palisade Wall |
| 7:32 | Build | House |
| 8:01 | Build | Palisade Wall |
| 8:09 | Build | Barracks |
| 8:36 | Build | House |
| 8:50 | Queue | Villager (Male) |
| 9:15 | Age | Feudal Age |
| 9:22 | Build | Stable |
| 9:24 | Queue | Villager (Male) |
| 9:25 | Research | Double-Bit Axe |
| 9:55 | Queue | Villager (Male) |
| 10:05 | Queue | Scout Cavalry |
| 10:31 | Queue | Villager (Male) |
| 10:35 | Build | Farm |
| 10:36 | Build | Farm |
| 10:41 | Build | Farm |
| 10:53 | Build | Lumber Camp |
| 11:00 | Build | Farm |
| 11:08 | Queue | Villager (Male) |
| 11:43 | Build | Watch Tower |
| 11:48 | Queue | Villager (Male) |
| 12:29 | Queue | Villager (Male) |
| 12:57 | Build | House |
| 13:05 | Build | Mill |
| 13:06 | Queue | Villager (Male) |
| 13:06 | Queue | Villager (Male) |
| 13:14 | Queue | Villager (Male) |
| 13:45 | Build | House |
| 13:48 | Queue | Villager (Male) |
| 13:51 | Build | Archery Range |
| 14:05 | Build | Farm |
| 14:06 | Build | Farm |
| 14:07 | Build | Farm |
| 14:14 | Build | House |
| 14:20 | Build | Palisade Wall |
| 14:24 | Build | House |
| 14:32 | Queue | Villager (Male) |
| 14:33 | Queue | Archer |
| 14:41 | Queue | Villager (Male) |
| 14:41 | Queue | Villager (Male) |
| 14:43 | Queue | Skirmisher |
| 14:52 | Queue | Scout Cavalry |
| 14:53 | Queue | Scout Cavalry |
| 15:13 | Build | House |
| 15:14 | Queue | Villager (Male) |
| 15:14 | Queue | Villager (Male) |
| 15:15 | Queue | Villager (Male) |
| 15:20 | Queue | Scout Cavalry |
| 15:21 | Queue | Scout Cavalry |
| 15:24 | Queue | Villager (Male) |
| 15:31 | Build | Palisade Wall |
| 15:32 | Build | Palisade Wall |
| 15:32 | Build | Palisade Wall |
| 15:37 | Queue | Villager (Male) |
| 15:45 | Queue | Skirmisher |
| 15:52 | Build | Farm |
| 15:58 | Queue | Scout Cavalry |
| 16:00 | Queue | Skirmisher |
| 16:00 | Queue | Skirmisher |
| 16:15 | Queue | Villager (Male) |
| 16:16 | Build | Farm |
| 16:33 | Build | Mining Camp |
| 16:38 | Queue | Villager (Male) |
| 16:41 | Build | Farm |
| 16:53 | Build | Farm |
| 17:00 | Queue | Scout Cavalry |
| 17:07 | Queue | Skirmisher |
| 17:08 | Queue | Scout Cavalry |
| 17:14 | Build | House |
| 17:14 | Build | House |
| 17:48 | Build | Blacksmith |
| 17:52 | Queue | Villager (Male) |
| 18:00 | Research | Horse Collar |
| 18:00 | Queue | Villager (Male) |
| 18:00 | Queue | Villager (Male) |
| 18:03 | Queue | Villager (Male) |
| 18:30 | Build | Barracks |
| 18:31 | Build | Farm |
| 18:43 | Queue | Villager (Male) |
| 18:54 | Research | Fletching |
| 18:58 | Build | Farm |
| 19:00 | Build | Mill |
| 19:02 | Queue | Villager (Male) |
| 19:02 | Queue | Villager (Male) |
| 19:23 | Queue | Archer |
| 19:23 | Queue | Archer |
| 19:23 | Queue | Archer |
| 19:24 | Queue | Archer |
| 19:26 | Build | House |
| 19:26 | Build | House |
| 19:32 | Queue | Villager (Male) |
| 19:37 | Build | Farm |
| 19:49 | Queue | Villager (Male) |
| 20:04 | Build | Mining Camp |
| 20:28 | Build | Market |
| 20:35 | Queue | Villager (Male) |
| 20:59 | Queue | Villager (Male) |
| 21:37 | Build | Farm |
| 21:38 | Build | Farm |
| 21:41 | Queue | Archer |
| 21:43 | Queue | Villager (Male) |
| 21:50 | Queue | Villager (Male) |
| 21:51 | Build | Watch Tower |
| 21:53 | Queue | Archer |
| 21:53 | Queue | Archer |
| 22:01 | Build | House |
| 22:01 | Build | House |
| 22:02 | Queue | Villager (Male) |
| 22:10 | Queue | Spearman |
| 22:11 | Queue | Spearman |
| 22:13 | Build | Farm |
| 22:13 | Build | Farm |
| 22:49 | Queue | Spearman |
| 22:51 | Queue | Villager (Male) |
Match timeline
| 5:07 | 游戏而已 · first_building Barracks |
| 5:52 | 游戏而已 · wall_segment Palisade Wall x1 |
| 5:53 | 游戏而已 · wall_segment Palisade Wall x1 |
| 6:48 | Iam_SoBad · wall_segment Palisade Wall x7 |
| 6:49 | Iam_SoBad · wall_segment Palisade Wall x1 |
| 6:51 | Iam_SoBad · wall_segment Palisade Wall x1 |
| 7:15 | Iam_SoBad · wall_segment Palisade Wall x1 |
| 7:17 | Iam_SoBad · wall_segment Palisade Wall x1 |
| 7:17 | Iam_SoBad · wall_segment Palisade Wall x1 |
| 7:18 | Iam_SoBad · wall_segment Palisade Wall x1 |
| 7:19 | Iam_SoBad · wall_segment Palisade Wall x1 |
| 7:19 | Iam_SoBad · wall_segment Palisade Wall x1 |
| 8:01 | Iam_SoBad · wall_segment Palisade Wall x7 |
| 8:09 | Iam_SoBad · first_building Barracks |
| 8:51 | 游戏而已 · age_up feudal |
| 9:15 | Iam_SoBad · age_up feudal |
| 9:22 | Iam_SoBad · first_building Stable |
| 10:13 | 游戏而已 · wall_segment Palisade Wall x1 |
| 10:29 | 游戏而已 · wall_segment Palisade Wall x1 |
| 10:45 | 游戏而已 · wall_segment Palisade Wall x1 |
| 10:47 | 游戏而已 · wall_segment Palisade Wall x1 |
| 10:55 | 游戏而已 · wall_segment Palisade Wall x1 |
| 11:08 | 游戏而已 · wall_segment Palisade Wall x1 |
| 12:58 | 游戏而已 · wall_segment Palisade Wall x1 |
| 12:59 | 游戏而已 · wall_segment Palisade Wall x1 |
| 13:19 | 游戏而已 · wall_segment Palisade Wall x1 |
| 13:23 | 游戏而已 · wall_segment Palisade Wall x1 |
| 13:44 | 游戏而已 · wall_segment Palisade Wall x1 |
| 13:44 | 游戏而已 · wall_segment Palisade Wall x1 |
| 13:50 | 游戏而已 · wall_segment Palisade Wall x1 |
| 13:51 | 游戏而已 · wall_segment Palisade Wall x1 |
| 13:51 | Iam_SoBad · first_building Archery Range |
| 13:53 | 游戏而已 · wall_segment Palisade Wall x1 |
| 13:56 | 游戏而已 · wall_segment Palisade Wall x1 |
| 13:58 | 游戏而已 · wall_segment Palisade Wall x1 |
| 14:16 | 游戏而已 · wall_segment Palisade Wall x1 |
| 14:18 | 游戏而已 · wall_segment Palisade Wall x1 |
| 14:20 | Iam_SoBad · wall_segment Palisade Wall x1 |
| 15:11 | 游戏而已 · wall_segment Palisade Wall x1 |
| 15:13 | 游戏而已 · wall_segment Palisade Wall x1 |
| 15:14 | 游戏而已 · wall_segment Palisade Wall x1 |
| 15:14 | 游戏而已 · wall_segment Palisade Wall x1 |
| 15:31 | Iam_SoBad · wall_segment Palisade Wall x1 |
| 15:32 | Iam_SoBad · wall_segment Palisade Wall x1 |
| 15:32 | Iam_SoBad · wall_segment Palisade Wall x1 |
| 15:56 | 游戏而已 · first_building Archery Range |
| 16:06 | 游戏而已 · wall_segment Palisade Wall x1 |
| 18:46 | 游戏而已 · first_building Stable |
| 19:29 | 游戏而已 · wall_segment Palisade Wall x1 |
| 19:54 | 游戏而已 · wall_segment Palisade Wall x1 |
| 20:07 | 游戏而已 · wall_segment Palisade Wall x1 |
| 20:07 | 游戏而已 · wall_segment Palisade Wall x1 |
| 20:37 | 游戏而已 · wall_segment Palisade Wall x1 |
| 23:10 | Iam_SoBad · first_market_buy 100 food |
| 26:28 | Iam_SoBad · age_up castle |
| 27:38 | 游戏而已 · wall_segment Palisade Wall x1 |
| 27:41 | 游戏而已 · wall_segment Palisade Wall x1 |
| 28:01 | 游戏而已 · wall_segment Palisade Wall x1 |
| 28:49 | Iam_SoBad · first_building Monastery |
| 29:44 | 游戏而已 · resign |
[ AI ANALYSIS · 1 CREDIT ]
What really happened in this match?
Wolo.gg analyzes every decision: build order, eco, micro, common mistakes by bracket. Personalized analysis on WhatsApp or Discord in 30 seconds.
Civ guide
Mongols
Perfil
Jugador #10924270